 Dungeon Sprint DCSS version 0.22.0-16-gc6d26f6 (webtiles) character file.

59543 poirepourri the Minotaur Barricade (level 27, -24/273 HPs)
             Began as a Minotaur Fighter on Aug 17, 2018.
             Was an Initiate of Gozag.
             Killed from afar by a hellion (41 damage)
             ... with damnation
             ... in the Dungeon (Sprint VI: "Thunderdome").
             The game lasted 00:37:15 (6821 turns).

poirepourri the Minotaur Barricade (MiFi)           Turns: 6821, Time: 00:37:17

Health: -24/273    AC: 25    Str: 41    XL:     27
Magic:  0/62       EV: 42    Int: 13    God:    Gozag
Gold:   4704       SH: 38    Dex: 41    Spells: 71/80 levels left

rFire    + . .     SeeInvis .   J - +9 broad axe (venom)
rCold    . . .     Gourm    .   y - +6 large shield "Hoeggum" {MR+}
rNeg     + + +     Faith    .   r - +5 ring mail of Minor Irritation {Str+7}
rPois    +         Spirit   +   (helmet restricted)
rElec    +         Reflect  .   x - +2 cloak "Earthly Heaven" {rN++}
rCorr    +         Harm     .   s - +5 pair of gloves of the Eagle {rF+ Regen+ Dex+3}
MR       +++++     NoTele   +   b - +2 pair of boots of the Mutiny {rElec MP+9}
Stlth    ++........             q - amulet "Puilod" {Spirit rN+ MR- Str+6 Dex+3}
HPRegen  0.95/turn              d - ring "Hehaweg" {*Drain MR++ Int+6 Dex+3}
MPRegen  0.38/turn              w - ring of Day {rCorr MR++ Str+2 Dex+4 Stlth-}

@: mighty, agile, gold aura, very slightly contaminated
A: retaliatory headbutt, claws 1, horns 2, clever 1, poison resistance,
screaming 1
}: 8/15 runes: decaying, slimy, silver, icy, bone, dark, gossamer, mossy
a: Potion Petition, Call Merchant, Bribe Branch, Renounce Religion


You were in the Dungeon.
You worshipped Gozag.
Gozag was most pleased with you.
You were not hungry.

You visited 1 branch You collected 59750 gold pieces.
You spent 15581 gold pieces at shops.
You paid 39465 gold pieces to Gozag.

Inventory:

Hand Weapons
 J - a +9 broad axe of venom (weapon)
Armour
 b - the +2 pair of boots of the Mutiny (worn) {rElec MP+9}
   (You bought it in a shop in the Dungeon)

   It insulates you from electricity.
   It affects your magic capacity (+9).
 r - the +5 ring mail of Minor Irritation (worn) {Str+7}
   (You bought it in a shop in the Dungeon)

   It affects your strength (+7).
 s - the +5 pair of gloves of the Eagle (worn) {rF+ Regen+ Dex+3}
   (You bought it in a shop in the Dungeon)

   It affects your dexterity (+3).
   It protects you from fire.
   It increases your rate of regeneration.
 x - the +2 cloak "Earthly Heaven" (worn) {rN++}
   (You bought it in a shop in the Dungeon)

   It greatly protects you from negative energy.
 y - the +6 large shield "Hoeggum" (worn) {MR+}
   (You bought it in a shop in the Dungeon)

   It affects your resistance to hostile enchantments.
Jewellery
 d - the ring "Hehaweg" (left hand) {*Drain MR++ Int+6 Dex+3}
   (You bought it in a shop in the Dungeon)

   [ring of intelligence]

   It affects your intelligence (+6).
   It affects your dexterity (+3).
   It affects your resistance to hostile enchantments.
   It causes draining when unequipped.
 p - an uncursed ring of protection from fire
 q - the amulet "Puilod" (around neck) {Spirit rN+ MR- Str+6 Dex+3}
   (You bought it in a shop in the Dungeon)

   [amulet of guardian spirit]

   It causes incoming damage to be split between your health and magic.
   It affects your strength (+6).
   It affects your dexterity (+3).
   It protects you from negative energy.
   It affects your resistance to hostile enchantments.
 w - the ring of Day (right hand) {rCorr MR++ Str+2 Dex+4 Stlth-}
   (You bought it in a shop in the Dungeon)

   [ring of resist corrosion]

   It affects your strength (+2).
   It affects your dexterity (+4).
   It affects your resistance to hostile enchantments.
   It makes you less stealthy.
 z - the ring of Tucwaq {rPois rN++ Int+5 Slay+2}
   (You bought it in a shop in the Dungeon)

   [ring of intelligence]

   It affects your intelligence (+5).
   It affects your accuracy and damage with ranged weapons and melee attacks
   (+2).
   It protects you from poison.
   It greatly protects you from negative energy.
Wands
 B - a wand of iceblast (21)
 D - a wand of disintegration (11)
 E - a wand of paralysis (15)
 H - a wand of scattershot (4)
Scrolls
 k - 3 scrolls of blinking
 n - 14 scrolls of remove curse
 L - a scroll of enchant weapon
Potions
 e - 12 potions of curing
 g - 2 potions of heal wounds
 h - 2 potions of haste
 i - 2 potions of magic
 j - a potion of mutation
 l - a potion of berserk rage
 m - a potion of ambrosia
 v - 4 potions of agility
 G - 3 potions of might
Miscellaneous
 A - a sack of spiders
Comestibles
 c - 10 rations


   Skills:
 O Level 27 Fighting
 O Level 27 Axes
 - Level 8.6 Armour
 - Level 20.3 Dodging
 O Level 27 Shields
 - Level 1.7 Unarmed Combat
 O Level 27 Spellcasting
   Level 3.6 Conjurations
 + Level 16.9 Translocations
 O Level 27 Evocations


You had 71 spell levels left.
You knew the following spells:

 Your Spells              Type           Power        Failure   Level  Hunger
a - Blink                 Tloc           N/A          0%          2    None
b - Teleport Other        Tloc           ######..     0%          3    None
c - Passage of Golubria   Tloc           N/A          1%          4    None

Your spell library contained the following spells:

 Spells                   Type           Power        Failure   Level  Hunger
 Shroud of Golubria       Chrm/Tloc      #####.....   1%          2    None
 Gell's Gravitas          Tloc           ######....   0%          3    None
 Lesser Beckoning         Tloc           ######....   0%          3    None


Dungeon Overview and Level Annotations

Branches:
Dungeon (1/1)

Altars:
Cheibriados
Dithmenos
Fedhas
Gozag
Kikubaaqudgha
Makhleb
Okawaru
Qazlal
Ru
Sif Muna
Trog
Uskayaw
Vehumet
Wu Jian
Xom
Yredelemnul
Zin
The Shining One
Beogh
Jiyva
Lugonu

Shops:
D [%?:[?[*?%*[([!?((}(:[((!!!!


Innate Abilities, Weirdness & Mutations

You reflexively headbutt those who attack you in melee.
You have a pair of horns on your head.
You have sharp fingernails.
Your mind is acute. (Int +2)
Your system is resistant to poisons. (rPois)
You occasionally shout uncontrollably at your foes.


Message History

You slash the hellion!
A hellion comes into view.
The hellion gestures at you.
The sphere of damnation explodes!
The damnation engulfs you!
* * * LOW HITPOINT WARNING * * *
The damnation engulfs the hellion.
The hellion completely resists.
You block the hellion's attack.
You hear a hideous shriek!
Unknown command.
Unknown command.
Blink to where?
Press: ? - help, Dir - move target cursor You are very lightly contaminated with residual magic.
As you read the scroll of blinking, it crumbles to dust.
A hellion comes into view.
The hellion gives a hideous shriek!
The hellion gestures at you.
The sphere of damnation explodes!
The damnation engulfs you!
You die...
Your body crumbles into a pile of gold.

######.8.$22∩∩.2|8.####
##∩__.∩...§∩###.[[...___
###∩.[.(....8.# #.8.).....
##.=.......[∩..###......[..
#⌠......)}.∩###...###.[.)..
#⌠...(.)[[..# #.0.# #......
#⌠.).)......###.2.###......
##........[(...###.........
###∩.....@).8.# #28[......
##∩_._.....∩###.....)___
######.8..[∩.∩...8[####
#⌠.(.........⌠#
###..2......### #_.[).....#
#_......._# #_...$..._#
#∩.......∩#


You could see 2 hellions.

Vanquished Creatures
  Antaeus (D)
  Gloorx Vloq (D)
  Ereshkigal (D)
  Mennas (D)
  Tiamat (D)
  3 ancient liches (D)
  5 pandemonium lords (D)
  Agnes (D)
  the Lernaean hydra (D)
  3 Killer Klowns (D)
  2 Tzitzimimeh (D)
  An electric golem (D)
  An Ice Fiend (D)
  16 tentacled monstrosities (D)
  13 Orb Guardians (D)
  9 acid blobs (D)
  A lich (D)
  2 sphinxes (D)
  2 shadow dragons (D)
  7 azure jellies (D)
  8 ghost moths (D)
  6 reapers (D)
  A wolf spider (D)
  6 vampire knights (D)
  2 dire elephants (D)
  12 green deaths (D)
  An eidolon (D)
  6 deep elf death magi (D)
  A vault guard (D)
  4 hydras (D)
  A hydra (shapeshifter) (D)
  A death knight (D)
  5 ogre magi (D)
  An iron elemental (D)
  A spriggan berserker (D)
  8 vampire magi (D)
  A hell knight (D)
  Nergalle (D)
  A deep troll (shapeshifter) (D)
  18 death drakes (D)
  A wizard (D)
  A sea snake (shapeshifter) (D)
  A glowing orange brain (D)
  A necromancer (D)
  2 swamp dragons (D)
  4 phantasmal warriors (D)
  A manticore (shapeshifter) (D)
  A faun (D)
  A deep elf mage (D)
  A faun (shapeshifter) (D)
  2 shining eyes (D)
  8 moths of wrath (D)
  3 naga magi (D)
  A gargoyle (D)
  3 rust devils (D)
  An orange demon (D)
  4 hellions (D)
  A yaktaur (shapeshifter) (D)
  4 dryads (D)
  8 tormentors (D)
  A jumping spider (D)
  2 guardian mummies (D)
  A wind drake (D)
  2 slime creatures (D)
  A hippogriff (shapeshifter) (D)
  Sigmund (D)
  A tarantella (shapeshifter) (D)
  An air elemental (D)
  A redback (shapeshifter) (D)
  2 redbacks (D)
  8 wraiths (D)
  A yak (shapeshifter) (D)
  A ynoxinul (D)
  A vampire (D)
  11 neqoxecs (D)
  11 hungry ghosts (D)
  8 vampire mosquitoes (D)
  An insubstantial wisp (D)
  A swamp worm (shapeshifter) (D)
  A floating eye (shapeshifter) (D)
  6 floating eyes (D)
  2 sky beasts (D)
  An eye of draining (D)
  16 earth elementals (D)
  A hound (D)
  5 iron imps (D)
  Terence (D)
  7 mummies (D)
  An adder (D)
  An adder zombie (D)
  2 adder skeletons (D)
  2 orcs (D)
  A ball python skeleton (D)
  A frilled lizard (D)
  A giant cockroach zombie (D)
  A jackal zombie (D)
  2 kobolds (D)
  A quokka skeleton (D)
  A butterfly (D)
316 creatures vanquished.

Vanquished Creatures (collateral kills)
  An electric golem (D)
  An Orb Guardian (D)
  An Ice Fiend (D)
  5 acid blobs (D)
  A balrug (D)
  2 shining eyes (D)
  2 ufetubi (D)
13 creatures vanquished.

Vanquished Creatures (others)
  A lorocyproca (D)
  A vault guard (D)
  31 dancing weapons (D)
  A sixfirhy (D)
  A death drake (D)
  A necromancer (D)
  A tormentor (D)
  A red devil (D)
  An insubstantial wisp (D)
  A sky beast (D)
  13 ball lightnings (D)
53 creatures vanquished.

Grand Total: 382 creatures vanquished

Notes
Turn   | Place    | Note
-------+----------+-------------------------------------------
     0 | D        | poirepourri the Minotaur Fighter began the quest for the Orb.
     0 | D        | Reached XP level 1. HP: 19/19 MP: 0/0
     3 | D        | Found a basalt altar of Yredelemnul.
     4 | D        | Found a sacrificial altar of Ru.
     4 | D        | Found an ornate altar of the Wu Jian Council.
     5 | D        | Found a burning altar of Makhleb.
     5 | D        | Found an ancient bone altar of Kikubaaqudgha.
     5 | D        | Round 1.
     6 | D        | Found Taighac's Delicious Food.
     6 | D        | Found an iron altar of Okawaru.
     6 | D        | Found Elaub's Identification Station.
     6 | D        | Noticed Terence
     7 | D        | Found Gimpext's Jewellery.
     7 | D        | Found Zeweusak's Advanced Armour.
    16 | D        | Killed Terence
    16 | D        | Reached XP level 2. HP: 20/26 MP: 1/1
    16 | D        | Reached XP level 3. HP: 24/31 MP: 2/2
    19 | D        | Bought a crude tin amulet for 45 gold pieces
    19 | D        | Bought a warped platinum ring for 45 gold pieces
    19 | D        | Bought a smoking brass ring for 45 gold pieces
    19 | D        | Identified the amulet of Ruojohue {rElec rPois rF- Regen+ Str-5} (You bought it in a shop in the Dungeon)
    21 | D        | Identified the ring "Daxtil" {rC+ Int+4 Stlth+} (You bought it in a shop in the Dungeon)
    22 | D        | Identified the ring of Acwumn {rCorr rElec MR+} (You bought it in a shop in the Dungeon)
    24 | D        | Bought a pitted garnet amulet for 45 gold pieces
    25 | D        | Identified the amulet "Gidu" {Faith *Slow +Blink +Inv} (You bought it in a shop in the Dungeon)
    30 | D        | Found a shimmering altar of Xom.
    57 | D        | Found a viscous altar of Jiyva.
    58 | D        | Found a deep blue altar of Sif Muna.
    58 | D        | Found Zofanwoc's Premium Goods.
    60 | D        | Found a roughly hewn altar of Beogh.
    60 | D        | Found a blossoming altar of Fedhas.
    60 | D        | Found Vewotimi's Weapon Rack.
    61 | D        | Found Natuoc's Miscellaneous Merchandise.
    61 | D        | Found Icvioxt's Basic Armour.
    64 | D        | Found a hide-covered altar of Uskayaw.
    65 | D        | Found a glowing silver altar of Zin.
    66 | D        | Found a stormy altar of Qazlal.
    67 | D        | Found Yfriatzi's Do-It-Yourself Clinic.
    68 | D        | Found Culoovos's Bottled Wisdom.
    68 | D        | Found Mivaaz's Distillery.
    68 | D        | Found a shadowy altar of Dithmenos.
    68 | D        | Found a radiant altar of Vehumet.
    68 | D        | Found a corrupted altar of Lugonu.
    68 | D        | Found Texiwnit's Distillery.
    72 | D        | Found a glowing golden altar of the Shining One.
    73 | D        | Found an opulent altar of Gozag.
    74 | D        | Found a snail-covered altar of Cheibriados.
    75 | D        | Found a bloodstained altar of Trog.
    75 | D        | Found Jauhialoe's Staff Store.
    75 | D        | Found Onaipn's Magic Scroll Shop.
    76 | D        | Found Fefradoe's Must-Have Magic.
    76 | D        | Found Yhanutio's Magic Scroll Shop.
    81 | D        | Became a worshipper of Gozag Ym Sagoz the Greedy
   181 | D        | Arena points: 12 (+12) [x2]
   203 | D        | Round 2.
   253 | D        | Noticed Sigmund
   273 | D        | Killed Sigmund
   273 | D        | Reached XP level 4. HP: 20/39 MP: 3/3
   273 | D        | Reached XP level 5. HP: 23/45 MP: 4/4
   328 | D        | Bought a clouded lead ring for 45 gold pieces
   329 | D        | Identified the ring "Hehaweg" {*Drain MR++ Int+6 Dex+3} (You bought it in a shop in the Dungeon)
   337 | D        | Arena points: 54 (+42) [x3]
   349 | D        | Bought a bound jade amulet for 45 gold pieces
   350 | D        | Identified the amulet "Puilod" {Spirit rN+ MR- Str+6 Dex+3} (You bought it in a shop in the Dungeon)
   401 | D        | Round 3.
   463 | D        | Noticed a sky beast
   469 | D        | Noticed an insubstantial wisp
   470 | D        | Noticed an air elemental
   473 | D        | Killed an insubstantial wisp
   473 | D        | Reached skill level 15 in Axes
   473 | D        | Reached XP level 6. HP: 41/51 MP: 3/5
   474 | D        | Killed a sky beast
   479 | D        | Killed an air elemental
   479 | D        | Reached XP level 7. HP: 28/57 MP: 1/6
   604 | D        | Arena points: 138 (+84) [x4]
   620 | D        | Round 4.
   622 | D        | Bought a pair of warped boots for 332 gold pieces
   622 | D        | Bought a pair of distressingly furry gloves for 332 gold pieces
   627 | D        | Identified the +2 pair of boots of the Mutiny {rElec MP+9} (You bought it in a shop in the Dungeon)
   632 | D        | Identified the +5 pair of gloves of the Eagle {rF+ Regen+ Dex+3} (You bought it in a shop in the Dungeon)
   632 | D        | Bought a distressingly furry shield for 332 gold pieces
   642 | D        | Identified the +0 shield of Loumonen {Str+2 Dex+4 Stlth-} (You bought it in a shop in the Dungeon)
   650 | D        | Reached skill level 10 in Fighting
   677 | D        | Reached XP level 8. HP: 81/81 MP: 7/7
   696 | D        | Arena points: 298 (+160) [x5]
   744 | D        | Round 5.
   750 | D        | Bought a scorched cloak for 332 gold pieces
   755 | D        | Identified the cursed -7 cloak "Juifusch" {rC- Regen+ Int+4} (You bought it in a shop in the Dungeon)
   759 | D        | Noticed the 27-headed Lernaean hydra
   811 | D        | Noticed a bog body
   814 | D        | Killed the 26-headed Lernaean hydra
   814 | D        | Arena points: 578 (+280) [x7]
   814 | D        | Reached XP level 9. HP: 90/90 MP: 8/8
   814 | D        | Reached XP level 10. HP: 97/97 MP: 9/9
   820 | D        | Got a decaying rune of Zot
   833 | D        | Bought a heavily runed cloak for 332 gold pieces
   849 | D        | Bought 8 scrolls of enchant weapon for 600 gold pieces
   849 | D        | Bought a scroll of brand weapon for 200 gold pieces
   988 | D        | Round 6.
  1006 | D        | Noticed a rust devil
  1011 | D        | Noticed a gargoyle
  1016 | D        | Killed a rust devil
  1020 | D        | Killed a gargoyle
  1060 | D        | Arena points: 1010 (+432) [x8]
  1079 | D        | Bought 15 scrolls of remove curse for 450 gold pieces
  1079 | D        | Bought 3 scrolls of blinking for 225 gold pieces
  1091 | D        | Identified the +3 cloak of Duty {rF- rC+++ MR- Regen+} (You bought it in a shop in the Dungeon)
  1126 | D        | Round 7.
  1138 | D        | Bought 2 rations for 40 gold pieces
  1138 | D        | Bought 2 rations for 40 gold pieces
  1138 | D        | Bought 2 rations for 40 gold pieces
  1138 | D        | Bought 2 rations for 40 gold pieces
  1141 | D        | Noticed a phantasmal warrior
  1142 | D        | Noticed a phantasmal warrior
  1143 | D        | Noticed a phantasmal warrior
  1143 | D        | Noticed an eidolon
  1158 | D        | Killed a phantasmal warrior
  1168 | D        | Killed a phantasmal warrior
  1172 | D        | Killed a phantasmal warrior
  1180 | D        | Killed an eidolon
  1180 | D        | Reached XP level 11. HP: 52/104 MP: 4/10
  1186 | D        | Arena points: 1451 (+441) [x9]
  1204 | D        | Round 8.
  1230 | D        | Bought 3 potions of heal wounds for 105 gold pieces
  1230 | D        | Bought 3 potions of heal wounds for 105 gold pieces
  1230 | D        | Bought 3 potions of heal wounds for 105 gold pieces
  1230 | D        | Bought 3 potions of heal wounds for 105 gold pieces
  1326 | D        | Arena points: 2331 (+880) [x10]
  1376 | D        | Round 9.
  1397 | D        | Bought 3 scrolls of identify for 150 gold pieces
  1397 | D        | Bought 3 scrolls of identify for 150 gold pieces
  1406 | D        | Bought a scintillating lead ring for 45 gold pieces
  1406 | D        | Identified the ring of Wotzel {Ice *Contam rPois rN+} (You bought it in a shop in the Dungeon)
  1407 | D        | Bought a smoking iron ring for 45 gold pieces
  1407 | D        | Bought a scintillating bronze ring for 45 gold pieces
  1407 | D        | Identified the ring of Atwiked {Ice MP+9 Int+3 Dex+4} (You bought it in a shop in the Dungeon)
  1408 | D        | Identified the ring of the Heavens {Wiz rN+ Str-4 Dex+3} (You bought it in a shop in the Dungeon)
  1415 | D        | Noticed Nergalle
  1416 | D        | Noticed a spectral orc warlord
  1423 | D        | Noticed a spectral orc warlord
  1423 | D        | Killed Nergalle
  1426 | D        | Reached skill level 5 in Dodging
  1459 | D        | Noticed a phantasmal warrior
  1467 | D        | Killed a phantasmal warrior
  1496 | D        | Arena points: 3222 (+891) [x11]
  1513 | D        | Round 10.
  1516 | D        | Bought a flickering platinum ring for 45 gold pieces
  1516 | D        | Bought a pitted granite ring for 45 gold pieces
  1516 | D        | Identified the ring of Vanity {Str+3 Int+3} (You bought it in a shop in the Dungeon)
  1517 | D        | Identified the ring "Wul Dauts" {rF+ Int+2} (You bought it in a shop in the Dungeon)
  1518 | D        | Bought a scintillating brass ring for 45 gold pieces
  1518 | D        | Bought a transparent granite ring for 45 gold pieces
  1518 | D        | Bought a brightly glowing marble ring for 45 gold pieces
  1518 | D        | Bought a transparent bronze ring for 45 gold pieces
  1518 | D        | Bought a translucent pewter ring for 45 gold pieces
  1518 | D        | Bought a heavily runed lapis lazuli ring for 45 gold pieces
  1526 | D        | Bought 3 scrolls of identify for 150 gold pieces
  1526 | D        | Bought 3 scrolls of identify for 150 gold pieces
  1526 | D        | Identified the ring of Day {rCorr MR++ Str+2 Dex+4 Stlth-} (You bought it in a shop in the Dungeon)
  1527 | D        | Identified the ring "Tozxoste" {MR+ Str+2 Int+2 Dex-4 SInv} (You bought it in a shop in the Dungeon)
  1528 | D        | Identified the ring of Noibin {rCorr Str+5 Dex+2 Stlth-} (You bought it in a shop in the Dungeon)
  1529 | D        | Identified the ring of Tucwaq {rPois rN++ Int+5 Slay+2} (You bought it in a shop in the Dungeon)
  1530 | D        | Identified the ring of Riotrira {rN+ EV+2 Str+4} (You bought it in a shop in the Dungeon)
  1531 | D        | Identified the ring of Olure {EV+3 Stlth+} (You bought it in a shop in the Dungeon)
  1561 | D        | Noticed a dire wolf spider
  1582 | D        | Killed a dire wolf spider
  1582 | D        | Arena points: 4392 (+1170) [x13]
  1588 | D        | Got a gossamer rune of Zot
  1609 | D        | Bought a +2 cloak of poison resistance for 240 gold pieces
  1609 | D        | Bought the +5 ring mail of Minor Irritation {Str+7} for 659 gold pieces
  1716 | D        | Reached XP level 12. HP: 112/112 MP: 11/11
  1717 | D        | Reached XP level 13. HP: 118/118 MP: 12/12
  1788 | D        | Round 11.
  1802 | D        | Gained mutation: Armour fits poorly on your strangely shaped body. [a neqoxec]
  1803 | D        | Gained mutation: You are weak. (Str -2) [a neqoxec]
  1812 | D        | Gained mutation: Your body sometimes deteriorates upon taking damage. [a neqoxec]
  1815 | D        | Gained mutation: You are frail. (-10% HP) [a neqoxec]
  1829 | D        | Gained mutation: Potions are less effective at restoring your health. [a neqoxec]
  1846 | D        | Arena points: 6240 (+1848) [x14]
  1870 | D        | Round 12.
  1876 | D        | Bought a potion of mutation for 56 gold pieces
  1876 | D        | Bought 2 potions of mutation for 112 gold pieces
  1876 | D        | Lost mutation: Armour fits poorly on your strangely shaped body. [potion of mutation]
  1876 | D        | Lost mutation: Your body sometimes deteriorates upon taking damage. [potion of mutation]
  1876 | D        | Gained mutation: You occasionally shout uncontrollably at your foes. [potion of mutation]
  1876 | D        | Gained mutation: Scrolls take you a little longer to read. [potion of mutation]
  1876 | D        | Gained mutation: Your mind is acute. (Int +2) [potion of mutation]
  1877 | D        | Lost mutation: You are frail. (-10% HP) [potion of mutation]
  1877 | D        | Lost mutation: Potions are less effective at restoring your health. [potion of mutation]
  1877 | D        | Lost mutation: Scrolls take you a little longer to read. [potion of mutation]
  1877 | D        | Lost mutation: You are weak. (Str -2) [potion of mutation]
  1877 | D        | Gained mutation: You have sharp fingernails. [potion of mutation]
  1877 | D        | Gained mutation: Your system is resistant to poisons. (rPois) [potion of mutation]
  2008 | D        | Reached skill level 15 in Dodging
  2009 | D        | Arena points: 8400 (+2160) [x15]
  2043 | D        | Round 13.
  2163 | D        | Arena points: 11312 (+2912) [x16]
  2231 | D        | Round 14.
  2253 | D        | Reached XP level 14. HP: 126/126 MP: 13/13
  2298 | D        | Arena points: 13930 (+2618) [x17]
  2309 | D        | Bought a potion of ambrosia for 120 gold pieces
  2309 | D        | Bought 2 potions of heal wounds for 150 gold pieces
  2309 | D        | Bought a potion of resistance for 150 gold pieces
  2309 | D        | Bought a potion of agility for 60 gold pieces
  2309 | D        | Bought a potion of might for 60 gold pieces
  2313 | D        | Round 15.
  2328 | D        | Noticed Agnes
  2346 | D        | Killed Agnes
  2346 | D        | Arena points: 17065 (+3135) [x19]
  2350 | D        | Got a mossy rune of Zot
  2351 | D        | Reached XP level 15. HP: 132/132 MP: 14/14
  2370 | D        | Bought a polished large shield for 332 gold pieces
  2371 | D        | Bought 3 scrolls of identify for 150 gold pieces
  2371 | D        | Identified the +6 large shield "Hoeggum" {MR+} (You bought it in a shop in the Dungeon)
  2554 | D        | Round 16.
  2673 | D        | Arena points: 20585 (+3520) [x20]
  2743 | D        | Round 17.
  2813 | D        | Noticed a sphinx
  2824 | D        | Killed a sphinx
  2840 | D        | Noticed a sphinx
  2854 | D        | Killed a sphinx
  2897 | D        | Arena points: 20789 (+204) [x1]
  2912 | D        | Round 18.
  2968 | D        | Reached skill level 27 in Shields
  3028 | D        | Arena points: 21293 (+504) [x2]
  3028 | D        | Reached skill level 15 in Fighting
  3073 | D        | Bought a scroll of enchant weapon for 112 gold pieces
  3077 | D        | Bought a sack of spiders for 260 gold pieces
  3077 | D        | Bought a wand of iceblast (9) for 169 gold pieces
  3077 | D        | Bought a wand of iceblast (5) for 117 gold pieces
  3077 | D        | Bought a wand of disintegration (11) for 195 gold pieces
  3077 | D        | Bought a wand of paralysis (15) for 221 gold pieces
  3077 | D        | Bought a wand of iceblast (7) for 143 gold pieces
  3107 | D        | Round 19.
  3241 | D        | Arena points: 22148 (+855) [x3]
  3322 | D        | Round 20.
  3325 | D        | Noticed Mennas
  3354 | D        | Killed Mennas
  3354 | D        | Arena points: 23348 (+1200) [x5]
  3354 | D        | Reached XP level 16. HP: 128/173 MP: 15/15
  3358 | D        | Got a silver rune of Zot
  3359 | D        | Reached XP level 17. HP: 138/181 MP: 16/16
  3536 | D        | Round 21.
  3662 | D        | Arena points: 25742 (+2394) [x6]
  3715 | D        | Round 22.
  3756 | D        | Reached skill level 27 in Fighting
  3865 | D        | Arena points: 28052 (+2310) [x7]
  3879 | D        | Bought an encrusted cloak for 332 gold pieces
  3879 | D        | Bought a pair of translucent gloves for 332 gold pieces
  3879 | D        | Identified the +0 pair of gloves of Tender Moments {rElec Dex+3} (You bought it in a shop in the Dungeon)
  3880 | D        | Identified the +2 cloak "Earthly Heaven" {rN++} (You bought it in a shop in the Dungeon)
  3901 | D        | Round 23.
  3902 | D        | Bought 2 rations for 40 gold pieces
  3902 | D        | Bought 2 rations for 40 gold pieces
  3902 | D        | Bought 2 rations for 40 gold pieces
  3902 | D        | Bought 2 rations for 40 gold pieces
  3976 | D        | Arena points: 29892 (+1840) [x8]
  3997 | D        | Round 24.
  4004 | D        | Bought 3 potions of experience for 900 gold pieces
  4004 | D        | Bought a potion of experience for 300 gold pieces
  4004 | D        | Reached XP level 18. HP: 65/200 MP: 16/17
  4005 | D        | Reached XP level 19. HP: 68/207 MP: 16/18
  4006 | D        | Reached XP level 20. HP: 72/216 MP: 16/21
  4007 | D        | Reached XP level 21. HP: 76/224 MP: 16/23
  4058 | D        | Arena points: 32700 (+2808) [x9]
  4073 | D        | Round 25.
  4098 | D        | Bought 3 potions of heal wounds for 105 gold pieces
  4098 | D        | Bought 3 potions of heal wounds for 105 gold pieces
  4098 | D        | Bought 3 potions of heal wounds for 105 gold pieces
  4098 | D        | Bought 3 potions of heal wounds for 105 gold pieces
  4098 | D        | Bought 3 potions of heal wounds for 105 gold pieces
  4098 | D        | Bought 4 potions of curing for 84 gold pieces
  4098 | D        | Bought 4 potions of curing for 84 gold pieces
  4098 | D        | Bought 3 potions of heal wounds for 105 gold pieces
  4098 | D        | Bought 3 potions of heal wounds for 105 gold pieces
  4098 | D        | Bought 3 potions of heal wounds for 105 gold pieces
  4130 | D        | Bought a ration for 60 gold pieces
  4130 | D        | Bought a ration for 60 gold pieces
  4244 | D        | Arena points: 33025 (+325) [x1]
  4245 | D        | Got a slimy rune of Zot
  4439 | D        | Round 26.
  4443 | D        | Noticed a Killer Klown
  4454 | D        | Reached skill level 5 in Evocations
  4583 | D        | Arena points: 33181 (+156) [x1]
  4598 | D        | Round 27.
  4613 | D        | Noticed Tiamat
  4643 | D        | Reached skill level 10 in Evocations
  4651 | D        | Noticed a Killer Klown
  4675 | D        | Killed a Killer Klown
  4675 | D        | Reached skill level 15 in Evocations
  4679 | D        | Noticed a Killer Klown
  4694 | D        | Killed Tiamat
  4694 | D        | Reached XP level 22. HP: 191/233 MP: 33/34
  4716 | D        | Killed a Killer Klown
  4721 | D        | Noticed a Killer Klown
  4723 | D        | Noticed an ancient lich
  4734 | D        | Killed an ancient lich
  4749 | D        | Killed a Killer Klown
  4749 | D        | Arena points: 34423 (+1242) [x2]
  4950 | D        | Round 28.
  5112 | D        | Arena points: 36439 (+2016) [x3]
  5153 | D        | Round 29.
  5197 | D        | Bought 4 potions of curing for 84 gold pieces
  5197 | D        | Bought 4 potions of curing for 84 gold pieces
  5198 | D        | Bought 3 potions of experience for 900 gold pieces
  5205 | D        | Bought 6 potions of might for 168 gold pieces
  5205 | D        | Bought 6 potions of agility for 168 gold pieces
  5227 | D        | Reached skill level 27 in Evocations
  5244 | D        | Reached skill level 27 in Axes
  5245 | D        | Reached XP level 23. HP: 224/240 MP: 38/39
  5246 | D        | Reached skill level 5 in Spellcasting
  5246 | D        | Reached XP level 24. HP: 226/249 MP: 37/39
  5247 | D        | Reached XP level 25. HP: 234/257 MP: 37/39
  5271 | D        | Reached skill level 10 in Spellcasting
  5292 | D        | Paralysed by a floating eye for 4 turns
  5360 | D        | Arena points: 38991 (+2552) [x4]
  5380 | D        | Round 30.
  5391 | D        | Noticed Gloorx Vloq
  5420 | D        | Killed Gloorx Vloq
  5420 | D        | Arena points: 41871 (+2880) [x6]
  5426 | D        | Got a dark rune of Zot
  5427 | D        | Reached XP level 26. HP: 140/266 MP: 28/42
  5596 | D        | Round 31.
  5615 | D        | Bought a pair of distressingly furry gloves for 389 gold pieces
  5625 | D        | Noticed Kuredoc the pandemonium lord
  5628 | D        | Noticed Fairi the pandemonium lord
  5629 | D        | Bought 3 scrolls of identify for 150 gold pieces
  5629 | D        | Identified the +2 pair of gloves "Natirph" {+Inv Str+3} (You bought it in a shop in the Dungeon)
  5642 | D        | Noticed Mawaofoe the pandemonium lord
  5648 | D        | Killed Kuredoc the pandemonium lord
  5653 | D        | Killed Fairi the pandemonium lord
  5671 | D        | Noticed Mory Jydd the pandemonium lord
  5729 | D        | Noticed Jeah the pandemonium lord
  5741 | D        | Killed Jeah the pandemonium lord
  5747 | D        | Killed Mory Jydd the pandemonium lord
  5752 | D        | Killed Mawaofoe the pandemonium lord
  5752 | D        | Arena points: 45343 (+3472) [x7]
  5752 | D        | Reached XP level 27. HP: 107/273 MP: 43/46
  5812 | D        | Round 32.
  5964 | D        | Arena points: 46015 (+672) [x1]
  5979 | D        | Round 33.
  5982 | D        | Noticed Ereshkigal
  6019 | D        | Killed Ereshkigal
  6019 | D        | Arena points: 47698 (+1683) [x3]
  6027 | D        | Got a bone rune of Zot
  6034 | D        | Bought a book of Spatial Translocations for 1300 gold pieces
  6037 | D        | Learned a level 2 spell: Blink
  6041 | D        | Learned a level 3 spell: Teleport Other
  6046 | D        | Learned a level 4 spell: Passage of Golubria
  6087 | D        | Bought a scroll of brand weapon for 200 gold pieces
  6087 | D        | Bought 8 scrolls of enchant weapon for 600 gold pieces
  6211 | D        | Round 34.
  6225 | D        | Paralysed by a floating eye for 4 turns
  6283 | D        | Arena points: 50282 (+2584) [x4]
  6316 | D        | Round 35.
  6329 | D        | Noticed an ancient lich
  6346 | D        | Killed an ancient lich
  6430 | D        | Reached skill level 27 in Spellcasting
  6430 | D        | Reached skill level 1 in Unarmed Combat
  6430 | D        | Reached skill level 1 in Translocations
  6443 | D        | Reached skill level 5 in Translocations
  6499 | D        | Noticed an ancient lich
  6500 | D        | Reached skill level 10 in Translocations
  6520 | D        | Killed an ancient lich
  6532 | D        | Arena points: 55007 (+4725) [x5]
  6563 | D        | Round 36.
  6581 | D        | Noticed Antaeus
  6621 | D        | Killed Antaeus
  6621 | D        | Arena points: 59543 (+4536) [x7]
  6625 | D        | Got an icy rune of Zot
  6630 | D        | Identified the +0 shield of a bailey {Int+4} (You found it in the Dungeon)
  6799 | D        | Round 37.
  6817 | D        | HP: 10/273 [hellion/damnation (21)]
  6821 | D        | Killed from afar by a hellion

Skill      XL: |  1  2  3  4  5  6  7  8  9 10 11 12 13 14 15 16 17 18 19 20 21 22 23 24 25 26 27 |
---------------+----------------------------------------------------------------------------------+-----
Axes           | 7 13 15 16 21 22 26 27 | 27.0
Fighting       | 10 12 23 27 | 27.0
Shields        | 18 21 22 27 | 27.0
Dodging        | 12 17 20 | 20.3
Armour         | 6 8 |  8.6
Evocations     | 3 4 18 27 | 27.0
Spellcasting   | 4 5 6 16 20 27 | 27.0
Conjurations   | 3 |  3.6
Unarmed Combat | 1 |  1.7
Translocations | 16 | 16.9

Action                   |  1- 3 |  4- 6 |  7- 9 | 10-12 | 13-15 | 16-18 | 19-21 | 22-24 | 25-27 || total
-------------------------+-------+-------+-------+-------+-------+-------+-------+-------+-------++-------
Melee: War axe           |    27 |    18 |    34 |   134 |   362 |   116 |   111 |   143 |   183 ||  1128
       Headbutt          |     2 |     6 |    18 |    62 |   139 |    43 |    42 |    54 |   158 ||   524
       Broad axe         |       |       |       |       |       |       |       |       |   196 ||   196
 Cast: Teleport Other    |       |       |       |       |       |       |       |       |     2 ||     2
Invok: Potion Petition   |       |     1 |       |     1 |     3 |     2 |     1 |       |    18 ||    26
       Call Merchant     |       |       |       |     1 |     6 |     2 |       |       |     4 ||    13
       Bribe Branch      |       |       |       |       |       |     1 |       |       |     1 ||     2
Evoke: Wand              |       |       |    10 |       |       |       |       |       |       ||    10
       Box of beasts     |       |       |       |       |     1 |       |       |       |       ||     1
       Sack of spiders   |       |       |       |       |       |       |       |       |     2 ||     2
  Use: Potion            |     1 |       |     3 |     4 |     5 |    15 |     2 |     3 |    41 ||    74
       Scroll            |       |       |       |    22 |     4 |     3 |       |     1 |    14 ||    44
 Stab: Distracted        |       |       |       |     3 |     6 |     3 |     4 |     2 |     7 ||    25
       Invisible         |       |       |       |       |       |       |       |       |     2 ||     2
  Eat: Ration            |       |       |       |     3 |     2 |     2 |       |       |     2 ||     9
Armor: Scale mail        |     5 |    10 |     2 |    20 |       |       |       |       |       ||    37
       Ring mail         |       |       |       |       |    39 |     9 |     7 |    32 |    87 ||   174
Dodge: Dodged            |     2 |     4 |     3 |    26 |   100 |    70 |    62 |    88 |   355 ||   710
Block: Shield            |    18 |     6 |     5 |   106 |    50 |       |       |       |       ||   185
       Large shield      |       |       |       |       |   248 |   161 |   167 |   163 |   481 ||  1220
